 Dungeon Crawl Stone Soup version 0.20.0-15-g7f486f2 (webtiles) character file.

188 asdasd2 the Skirmisher (level 5, 0/48 HPs)
             Began as a Minotaur Fighter on June 10, 2017.
             Was an Initiate of Okawaru.
             Slain by a gnoll
             ... wielding a +0 halberd
              (11 damage)
             ... on level 3 of the Dungeon.
             The game lasted 00:03:39 (1604 turns).

asdasd2 the Skirmisher (Minotaur Fighter)           Turns: 1604, Time: 00:03:40

Health: 0/48       AC:  8    Str: 22    XL:     5   Next: 39%
Magic:  4/4        EV:  5    Int:  5    God:    Okawaru [......]
Gold:   110        SH:  9    Dex:  9    Spells: 4/4 levels left

rFire    . . .     SeeInvis .   a - +1 war axe
rCold    . . .     Gourm    .   c - +0 shield
rNeg     . . .     Faith    .   b - +1 scale mail
rPois    .         Spirit   .   (helmet restricted)
rElec    .         Reflect  .   (no cloak)
rCorr    .         Harm     .   (no gloves)
MR       .....                  (no boots)
Stlth    ..........             (no amulet)
Regen    0.2/turn               e - -3 ring of evasion (curse)
MPRegen  0.1/turn               (no ring)

@: no status effects
A: retaliatory headbutt, horns 2
a: Renounce Religion


You were on level 3 of the Dungeon.
You worshipped Okawaru.
Okawaru was noncommittal.
You were not hungry.

You visited 1 branch of the dungeon, and saw 3 of its levels.

You collected 110 gold pieces.

Inventory:

Hand Weapons
 a - a +1 war axe (weapon)
Armour
 b - a +1 scale mail (worn)
 c - a +0 shield (worn)
Jewellery
 e - a cursed -3 ring of evasion (left hand)
Scrolls
 g - 2 scrolls of identify
 h - 3 scrolls of teleportation
 i - 2 scrolls of enchant armour
 s - a scroll of magic mapping
Potions
 d - 2 potions of might
 k - a potion of curing {unknown}
 m - a potion of brilliance
 n - 2 potions of haste
Books
 q - a book of Maledictions

   Spells                             Type                      Level
   a - Corona                         Hexes                        1
   b - Ensorcelled Hibernation        Hexes/Ice                    2
   c - Confuse                        Hexes                        3
   d - Tukima's Dance                 Hexes                        3
   e - Dazzling Spray                 Conjuration/Hexes            3
Comestibles
 f - 3 bread rations
 j - 3 meat rations
 p - 4 fruits


   Skills:
 * Level 5.3 Fighting
 + Level 4.1 Axes
 + Level 5.0 Armour
 + Level 1.0 Dodging
 - Level 3.6 Shields


You had 4 spell levels left.
You didn't know any spells.

Dungeon Overview and Level Annotations

Branches:
Dungeon (3/15)

Altars:
Kikubaaqudgha
Okawaru
Ru
Trog
Yredelemnul


Innate Abilities, Weirdness & Mutations

You reflexively headbutt those who attack you in melee.
You have a pair of horns on your head.


Message History

Unknown command.
You are too injured to fight recklessly!
Unknown command.
You are too injured to fight recklessly!
Unknown command.
You are too injured to fight recklessly!
Unknown command.
You are too injured to fight recklessly!
Unknown command.
A bat comes into view.
The bat moves out of view.
The gnoll hits you with a halberd!
* * * LOW HITPOINT WARNING * * *
You block the gnoll's attack.
Found 8 gold pieces.
You see here a gnoll corpse.
You hit the gnoll.
The gnoll is lightly wounded.
You slash the gnoll! The gnoll barely misses you.
The gnoll hits you with a halberd!
You die...

*,**,***,,,,,,,* #
*,**,,.....##,.# #
*,****$....#.,.# #
*,,,,,.......*.# #
******.......#.# ##***
#### *,,.......#####..,*
#...
***,,..b..........####.##
****#gg.[..<...........
#.@.#***##......... #...#
#######... #...## #....
#....# #.##. ##...# #.###
#...# ##..## #...#######
#....# #.........# #.....
#....####.###.....


You could see 2 gnolls and a bat.

Vanquished Creatures
  A bullfrog (D:3)
  An orc wizard (D:3)
  A gnoll (D:3)
  An adder (D:2)
  2 worms
  2 dart slugs
  5 leopard geckos
  3 orcs (D:3)
  3 ball pythons
  12 bats
  2 giant cockroaches
  3 goblins
  4 hobgoblins
  9 jackals
  4 frilled lizards
  3 kobolds (D:1)
  4 rats
60 creatures vanquished.

Notes
Turn   | Place    | Note
-------+----------+-------------------------------------------
     0 | D:1      | asdasd2 the Minotaur Fighter began the quest for the Orb.
     0 | D:1      | Reached XP level 1. HP: 19/19 MP: 0/0
   137 | D:1      | Reached XP level 2. HP: 18/27 MP: 1/1
   554 | D:2      | Reached XP level 3. HP: 31/34 MP: 2/2
   599 | D:2      | Found an ancient bone altar of Kikubaaqudgha.
   665 | D:2      | Found a basalt altar of Yredelemnul.
   710 | D:2      | Found a sacrificial altar of Ru.
   766 | D:2      | Found a bloodstained altar of Trog.
   766 | D:2      | Found an iron altar of Okawaru.
   849 | D:2      | Became a worshipper of Warmaster Okawaru
  1410 | D:3      | Reached XP level 4. HP: 41/41 MP: 3/3
  1418 | D:3      | Found a faded altar of an unknown god.
  1524 | D:3      | Noticed a bullfrog
  1528 | D:3      | Killed a bullfrog
  1528 | D:3      | Reached skill level 5 in Fighting
  1530 | D:3      | Reached XP level 5. HP: 39/48 MP: 4/4
  1538 | D:3      | Reached skill level 5 in Armour
  1556 | D:3      | Reached skill level 1 in Dodging
  1604 | D:3      | Slain by a gnoll

Skill      XL: |  1  2  3  4  5 |
---------------+----------------+-----
Fighting       | 4 5 |  5.3
Armour         | 4 5 |  5.0
Axes           | 3 4 |  4.1
Dodging        | 1 |  1.0
Shields        | |  3.6

Action                   |  1- 3 |  4- 6 || total
-------------------------+-------+-------++-------
Melee: War axe           |   103 |    31 ||   134
       Headbutt          |    18 |     5 ||    23
  Use: Scroll            |       |    10 ||    10
  Eat: Chunk             |     2 |       ||     2
Armor: Scale mail        |    83 |    10 ||    93
Dodge: Dodged            |    66 |    13 ||    79
Block: Shield            |    67 |    25 ||    92
